 Dungeon Crawl Stone Soup version 0.25-a0-1002-gbcf8c60d55 (webtiles) character file.

Game seed: 14730020365504071601, levelgen mode: deterministic

61 EWolf27 the Skirmisher (level 3, -4/35 HPs)
             Began as a Minotaur Fighter on May 11, 2020.
             Slain by a gnoll
             ... wielding a +0 spear
              (7 damage)
             ... on level 3 of the Dungeon.
             The game lasted 00:07:26 (1617 turns).

EWolf27 the Skirmisher (Minotaur Fighter)           Turns: 1617, Time: 00:07:27

Health: -4/35      AC:  8    Str: 21    XL:     3   Next: 83%
Magic:  2/2        EV:  7    Int:  5    God:
Gold:   159        SH:  9    Dex:  9    Spells: 2/2 levels left

rFire    . . .     SeeInvis .   a - +0 war axe
rCold    . . .     Gourm    .   c - +0 kite shield
rNeg     . . .     Faith    .   p - +0 scale mail
rPois    .         Spirit   .   (helmet restricted)
rElec    .         Reflect  .   m - +0 cloak
rCorr    .         Harm     .   (no gloves)
MR       .....                  (no boots)
Stlth    ..........             (no amulet)
HPRegen  0.11/turn              (no ring)
MPRegen  0.08/turn              (no ring)

@: no status effects
A: retaliatory headbutt, horns 2
a: no special abilities


You were on level 3 of the Dungeon.
You were not hungry.

You visited 1 branch of the dungeon, and saw 3 of its levels.

You collected 159 gold pieces.

Inventory:

Hand Weapons
 a - a +0 war axe (weapon)
 b - a +0 hunting sling
Missiles
 h - 53 stones (quivered)
 n - 30 sling bullets
Armour
 c - a +0 kite shield (worn)
 m - a +0 cloak (worn)
 p - a +0 scale mail (worn)
Scrolls
 j - 2 scrolls of noise {unknown}
 k - 2 scrolls of teleportation {unknown}
 l - a scroll of amnesia {unknown}
 o - a scroll of enchant weapon {unknown}
 s - 2 scrolls of remove curse {unknown}
 t - a scroll of enchant armour {unknown}
 u - 2 scrolls of immolation {unknown}
Potions
 d - a potion of might
 e - a potion of magic {unknown}
 i - 2 potions of curing {unknown}
 q - a potion of berserk rage {unknown}
 r - a potion of ambrosia {unknown}
 v - a potion of heal wounds {unknown}
Comestibles
 f - 7 rations
 g - a chunk of flesh


   Skills:
 + Level 4.8 Fighting
 + Level 4.0 Axes
 - Level 3.6 Armour
 - Level 3.6 Shields


You had 2 spell levels left.
You didn't know any spells.
Your spell library was empty.

Dungeon Overview and Level Annotations

Branches:
Dungeon (3/15)

Altars:
Ashenzari
Yredelemnul


Innate Abilities, Weirdness & Mutations

You reflexively headbutt those who attack you in melee.
You have a pair of horns on your head.


Message History

The gnoll hits you. The gnoll hits you but does no damage.
You hit the gnoll.
The gnoll is heavily wounded.
You hit the gnoll. The gnoll barely misses you.
The gnoll hits you from afar with a +0 halberd.
The gnoll hits you but does no damage. The gnoll barely misses you.
You block the gnoll's attack.
The gnoll hits you from afar with a +0 halberd.
* * * LOW HITPOINT WARNING * * *
The gnoll hits you but does no damage.
You hit the gnoll but do no damage.
The gnoll is heavily wounded.
You hit the gnoll but do no damage.
The gnoll hits you from afar with a +0 spear.
* * * LOW HITPOINT WARNING * * *
The gnoll hits you but does no damage. The gnoll hits you with a +0 flail.
* * * LOW HITPOINT WARNING * * *
The gnoll barely misses you.
The gnoll hits you from afar with a +0 spear!
You die...

.#######.............#####.#
#.................#'#
###'####[#........#_# #.##
#...#....### #..# ...
##...... ......#.# #......
.r....#.# ##..... ......#(#
#.#.## ......#@## #.#.
......#gg# #.#.
......gg)......
...............
...............
....#..........
...............
.....#+##..##.# ..... #.# .#


You could see 4 gnolls.

Vanquished Creatures
  An adder (D:2)
  A dart slug (D:2)
  3 leopard geckos
  3 bats (D:2)
  2 giant cockroaches (D:2)
  6 goblins
  10 hobgoblins
  6 kobolds
  4 frilled lizards
  9 rats
45 creatures vanquished.

Notes
Turn   | Place    | Note
-------+----------+-------------------------------------------
     0 | D:1      | EWolf27 the Minotaur Fighter began the quest for the Orb.
     0 | D:1      | Reached XP level 1. HP: 19/19 MP: 0/0
   241 | D:1      | Reached XP level 2. HP: 27/27 MP: 1/1
   927 | D:2      | Reached XP level 3. HP: 34/34 MP: 2/2
   934 | D:2      | Found a basalt altar of Yredelemnul.
  1443 | D:3      | Found a shattered altar of Ashenzari.
  1617 | D:3      | Slain by a gnoll

Illustrated notes

Levels and vault maps discovered:
D:1:      ncdulo_halloftheorcs, layout_basic
D:2:      layout_rooms, overflow_temple_1_default
D:3:      layout_basic, ashenzari_conservatory_becter, first_ration

Skill      XL: |  1  2  3 |
---------------+----------+-----
Fighting       | 4 |  4.8
Axes           | 3 4 |  4.0
Armour         | |  3.6
Shields        | |  3.6

Action                   || total
-------------------------++-------
Melee: War axe           ||    92
       Headbutt          ||     9
  Eat: Chunk             ||     2
Armor: Scale mail        ||    58
Dodge: Dodged            ||    47
Block: Kite shield       ||    50

Table legend:
 A = Non-vault XP
 B = Vault XP
 C = Vault XP percentage of total XP
 D = Non-vault monster count
 E = Vault monster count
 F = Vault count percentage of total count
                 A         B        C        D         E       F
            +---------+---------+-------+---------+---------+-------
      Total |      88 |       0 |   0.0 |      45 |       0 |   0.0
            +---------+---------+-------+---------+---------+-------
        D:1 |      29 |       0 |   0.0 |      16 |       0 |   0.0
        D:2 |      56 |       0 |   0.0 |      26 |       0 |   0.0
        D:3 |       3 |       0 |   0.0 |       3 |       0 |   0.0
            +---------+---------+-------+---------+---------+-------
